 Dungeon Crawl Stone Soup version 0.22.1-2-g9c5b331383 (webtiles) character file.

82 Ihlosi the Slasher (level 4, -2/34 HPs)
             Began as a Human Gladiator on Nov 21, 2018.
             Slain by an orc
             ... wielding a +0 mace
              (7 damage)
             ... on level 2 of the Dungeon.
             The game lasted 00:04:00 (2278 turns).

Ihlosi the Slasher (Human Gladiator)                Turns: 2278, Time: 00:04:01

Health: -2/34      AC:  5    Str: 14    XL:     4   Next: 70%
Magic:  4/4        EV: 13    Int:  9    God:
Gold:   206        SH:  0    Dex: 15    Spells: 3/3 levels left

rFire    . . .     SeeInvis .   a - +0 long sword
rCold    . . .     Gourm    .   (no shield)
rNeg     . . .     Faith    .   b - +0 leather armour
rPois    .         Spirit   .   c - +0 helmet
rElec    .         Reflect  .   (no cloak)
rCorr    .         Harm     .   h - +0 pair of gloves
MR       .....                  (no boots)
Stlth    ++........             l - amulet of the acrobat
HPRegen  0.11/turn              (no ring)
MPRegen  0.09/turn              (no ring)

@: no status effects
A: no striking features
a: no special abilities


You were on level 2 of the Dungeon.
You were not hungry.

You visited 1 branch of the dungeon, and saw 2 of its levels.

You collected 206 gold pieces.

Inventory:

Hand Weapons
 a - a +0 long sword (weapon)
Missiles
 d - 3 throwing nets
 i - 13 poisoned needles
 j - 15 bolts
 p - 5 javelins of returning (quivered)
Armour
 b - a +0 leather armour (worn)
 c - a +0 helmet (worn)
 h - a +0 pair of gloves (worn)
 n - a +0 leather armour
Jewellery
 l - an amulet of the acrobat (around neck)
Scrolls
 e - 2 scrolls of fog {unknown}
 g - 7 scrolls of identify {unknown}
 k - 3 scrolls of remove curse {unknown}
 m - a scroll of enchant weapon {unknown}
 o - a scroll of teleportation {unknown}
 q - a scroll of fear {unknown}
Comestibles
 f - 5 rations


   Skills:
 * Level 2.5 Fighting
 + Level 3.7 Long Blades
 - Level 2.0 Throwing
 * Level 1.8 Armour
 + Level 3.4 Dodging
 - Level 1.0 Stealth


You had 3 spell levels left.
You didn't know any spells.
Your spell library was empty.

Dungeon Overview and Level Annotations

Branches:
Dungeon (2/15)

Altars:
Vehumet


Message History

The orc completely misses you.
You hit the orc.
You kill the orc!
Throwing (i - inventory. (/) - cycle)
p - 5 javelins of returning (quivered)
Press: ? - help, Shift-Dir - straight line, f - orc
Aim: an orc, wielding a mace and wearing a ring mail You throw a javelin of returning.
The javelin of returning hits the orc but does no damage.
The javelin of returning returns to your pack!
The orc hits you with a mace.
* * * LOW HITPOINT WARNING * * *
The orc hits you but does no damage.
Throwing (i - inventory. (/) - cycle)
p - 5 javelins of returning (quivered)
Press: ? - help, Shift-Dir - straight line, f/p - orc
Aim: an orc, wielding a mace and wearing a ring mail You throw a javelin of returning.
The javelin of returning hits the orc.
The orc is severely wounded.
The javelin of returning returns to your pack!
The orc hits you with a mace!
You die...

#...<.....###.....#.#.######...##
##.......## ##........# ##..#
##.....## ##...##### #.## ##...##
###.# #.# ##)#### #.# #.# #....##
#.# #.# ##)....## #.# #####.###
###..###..######.# #........
#....# #......o@.# #.###.###
#....###..######## #.# #.# #
#.#......## #.# #.### ##.##....##
#.###..†. ...####### #........
#### #########


You could see an orc.

Vanquished Creatures
  An orc priest (D:2)
  An adder (D:2)
  An ooze (D:1)
  A worm (D:2)
  A dart slug (D:2)
  A leopard gecko (D:1)
  2 orcs
  A ball python (D:1)
  9 bats
  3 giant cockroaches
  A hobgoblin (D:2)
  2 frilled lizards (D:2)
  6 kobolds
  4 rats (D:1)
34 creatures vanquished.

Notes
Turn   | Place    | Note
-------+----------+-------------------------------------------
     0 | D:1      | Ihlosi the Human Gladiator began the quest for the Orb.
     0 | D:1      | Reached XP level 1. HP: 16/16 MP: 1/1
    38 | D:1      | Reached XP level 2. HP: 9/22 MP: 2/2
   646 | D:1      | Reached XP level 3. HP: 27/27 MP: 3/3
   827 | D:2      | Reached skill level 1 in Stealth
  1114 | D:1      | Reached skill level 1 in Armour
  1781 | D:2      | Found a radiant altar of Vehumet.
  2074 | D:2      | Reached XP level 4. HP: 34/34 MP: 4/4
  2278 | D:2      | Slain by an orc

Skill      XL: |  1  2  3 |
---------------+----------+-----
Stealth        | 1 |  1.0
Armour         | 1 |  1.8
Fighting       | |  2.5
Long Blades    | |  3.7
Throwing       | |  2.0
Dodging        | |  3.4

Action                   |  1- 3 |  4- 6 || total
-------------------------+-------+-------++-------
Melee: Long sword        |    93 |    24 ||   117
Throw: Javelin           |       |     2 ||     2
 Stab: Sleeping          |     2 |       ||     2
  Eat: Chunk             |     2 |     2 ||     4
Armor: Leather armour    |    39 |     2 ||    41
Dodge: Dodged            |    79 |    17 ||    96
       Rpst.: Long sword |    21 |     4 ||    25
